 Dungeon Crawl Stone Soup version 0.17.1-3-g152610e (webtiles) character file.

175 Jerry the Covered (level 5, 0/33 HPs)
             Began as a Tengu Fighter on Mar 8, 2016.
             Killed by divine providence
             ... invoked by an orc priest
              (13 damage)
             ... on level 4 of the Dungeon.
             The game lasted 00:11:39 (3252 turns).

Jerry the Covered (Tengu Fighter)                   Turns: 3252, Time: 00:11:39

Health: 0/33       AC:  7    Str: 17    XL:     5   Next: 55%
Magic:  6/6        EV:  8    Int:  8    God:
Gold:   238        SH:  9    Dex: 14    Spells: 0 memorised, 4 levels left

rFire  . . .     SeeInvis .     a - +0 trident
rCold  . . .     Clarity  .     b - +0 scale mail
rNeg   . . .     SustAt   .     c - +0 shield
rPois  +         Gourm    .     (helmet restricted)
rElec  .         Spirit   .     (no cloak)
rCorr  .         Warding  .     (no gloves)
rMut   .         Stasis   .     (boots unavailable)
MR     .....                    (no amulet)
Stlth  ..........               (no ring)
                                s - ring of poison resistance

@: not resistant to hostile enchantments, extremely unstealthy
A: beak, talons 3, able to fly 1
a: Fly


You were on level 4 of the Dungeon.
You were not hungry.

You visited 1 branch of the dungeon, and saw 5 of its levels.

You collected 238 gold pieces.

Inventory:

Hand Weapons
 a - a +0 trident (weapon)
Missiles
 n - 5 tomahawks (quivered)
Armour
 b - a +0 scale mail (worn)
 c - a +0 shield (worn)
Jewellery
 s - a ring of poison resistance (left hand)
 y - an uncursed ring of flight {unknown}
Scrolls
 f - a scroll of recharging {unknown}
 g - 5 scrolls of identify
 h - 4 scrolls of remove curse
 p - a scroll of noise
 q - a scroll of immolation
 r - a scroll of enchant armour {unknown}
 u - a scroll of enchant weapon {unknown}
 w - 2 scrolls of magic mapping {unknown}
 x - 2 scrolls of amnesia {unknown}
Potions
 d - a potion of might
 i - 3 potions of curing {unknown}
 k - a potion of cure mutation {unknown}
 l - a potion of ambrosia {unknown}
 t - 2 potions of haste {unknown}
 z - a potion of brilliance {unknown}
 A - a potion of resistance {unknown}
Comestibles
 e - 6 bread rations
 o - a meat ration
 v - 3 chunks of flesh


   Skills:
 + Level 3.8 Fighting
 + Level 3.1 Polearms
 + Level 4.3 Armour
 + Level 2.1 Dodging
 + Level 3.7 Shields


You had 4 spell levels left.
You didn't know any spells.

Dungeon Overview and Level Annotations

Branches:
Dungeon (5/15)
 Temple: D:4-7

Altars:
Ashenzari
Qazlal

Annotations:
D:5 Blork the orc, Dowan, Duvessa, Edmund


Innate Abilities, Weirdness & Mutations

You have a beak for a mouth.
You have claws for feet.
You can fly.


Message History

The adder's inner flame fades away.
Found 8 tomahawks.
You see here 5 gold pieces.
You block the adder's attack.
You feel a little less agile now. You block the adder's attack.
An iguana comes into view.
The iguana hisses angrily.
There is a stone staircase leading up here.
You can't go down here!
Dowan shouts!
The adder bites you but does no damage.
You climb upwards.
Something unseen opens the door.
There is a stone staircase leading down here.
You block the adder's attack.
The orc priest looks braver for a moment.
You block the adder's attack.
The orc priest invokes the aid of Beogh against you.
Something smites you!
You die...

..............#....
#...>..........#....
#...................
#............#####..
#............#...#..
#....^.......#...#..
#.......<.####....##
#.........#⌠..#+##.⌠
#..@......#.........
#......##.##.......#
#>S...[#...........#
+......+...+..._...+
#...................
#.......#oo....##.#........#
#.......'.........#.........
#.......#.o.......#⌠.##+##.⌠
#.......#.....[...##.#...###


You could see 2 orc priests, an adder and an orc.

Vanquished Creatures
  An iguana (D:5)
  4 adders
  3 oozes
  2 worms
  3 giant geckos
  2 orcs
  2 ball pythons (D:1)
  17 goblins
  6 hobgoblins
  15 jackals
  3 kobolds
  A quokka (D:2)
  8 bats
  3 giant cockroaches
  A giant newt (D:1)
  13 rats
84 creatures vanquished.

Notes
Turn   | Place    | Note
--------------------------------------------------------------
     0 | D:1      | Jerry the Tengu Fighter began the quest for the Orb.
     0 | D:1      | Reached XP level 1. HP: 14/14 MP: 2/2
   119 | D:1      | Reached XP level 2. HP: 19/19 MP: 3/3
   283 | D:1      | Reached skill level 1 in Dodging
   346 | D:1      | Reached XP level 3. HP: 21/23 MP: 4/4
  1116 | D:2      | Found a stormy altar of Qazlal.
  1214 | D:2      | Reached XP level 4. HP: 23/28 MP: 5/5
  1902 | D:2      | Reached skill level 4 in Armour
  1980 | D:3      | Found a faded altar to an unknown god.
  2481 | D:3      | Gained mutation: You can fly. [Tengu growth]
  2481 | D:3      | Reached XP level 5. HP: 30/32 MP: 6/6
  2959 | D:4      | Found a shattered altar of Ashenzari.
  3179 | D:5      | Entered Level 5 of the Dungeon
  3179 | D:5      | Noticed an ogre
  3180 | D:5      | Noticed Blork the orc
  3180 | D:5      | Noticed Duvessa
  3181 | D:5      | Noticed Dowan
  3191 | D:5      | Noticed Edmund
  3218 | D:5      | Noticed an ogre
  3252 | D:4      | Killed from afar by an orc priest

Action                   |  1- 3 |  4- 6 || total
-------------------------+-------+-------++-------
Melee: Trident           |   104 |   163 ||   267
  Use: Scroll            |       |     5 ||     5
       Potion            |       |     1 ||     1
  Eat: Chunk             |     1 |     7 ||     8
